 Dungeon Crawl Stone Soup version 0.18-a0-1702-gd20c6a5 (webtiles) character file.

124 wvc the Cudgeler (level 5, -6/55 HPs)
             Began as an Ogre Monk on Apr 6, 2016.
             Killed from afar by an orc wizard (7 damage)
             ... with a puff of flame
             ... on level 4 of the Dungeon.
             The game lasted 00:18:28 (2054 turns).

wvc the Cudgeler (Ogre Monk)                        Turns: 2054, Time: 00:18:29

Health: -6/55      AC:  3    Str: 16    XL:     5   Next: 8%
Magic:  5/5        EV:  9    Int: 10    God:
Gold:   138        SH:  0    Dex: 12    Spells: 0 memorised, 4 levels left

rFire  . . .     SeeInvis +     q - +0 whip (vamp)
rCold  . . .     Gourm    .     a - +0 robe
rNeg   . . .     Faith    .     (no shield)
rPois  .         Spirit   .     (helmet restricted)
rElec  .         Dismiss  .     (no cloak)
rCorr  .         Reflect  .     (gloves unavailable)
SustAt .         Harm     .     (boots unavailable)
MR     .....                    (no amulet)
Stlth  +.........               (no ring)
                                k - ring of see invisible

@: heavily drained, not resistant to hostile enchantments, very unstealthy
A: unfitting armour, tough skin 1
a: no special abilities


You were on level 4 of the Dungeon.
You were hungry.

You visited 1 branch of the dungeon, and saw 4 of its levels.

You collected 138 gold pieces.

Inventory:

Hand Weapons
 g - a +0 club
 m - a cursed -1 whip
 q - a +0 vampiric whip (weapon)
Missiles
 c - 120 stones (quivered)
 i - 8 needles of confusion
Armour
 a - a +0 robe (worn)
Jewellery
 d - an uncursed ring of flight
 h - an uncursed amulet of magic regeneration
 k - a ring of see invisible (left hand)
Scrolls
 e - 2 scrolls of identify {unknown}
 j - 4 scrolls of remove curse {unknown}
 l - a scroll of random uselessness {unknown}
 n - a scroll of recharging {unknown}
Potions
 o - 2 potions of agility {unknown}
 p - 2 potions of lignification {unknown}
 r - a potion of haste {unknown}
 s - a potion of ambrosia {unknown}
 t - a potion of beneficial mutation {unknown}
 u - a potion of might {unknown}
 w - 2 potions of curing {unknown}
Comestibles
 b - 3 bread rations
 f - 4 fruits
 v - a slice of pizza


   Skills:
 - Level 4.6(3.0) Fighting
 + Level 5.5(3.8) Maces & Flails
 - Level 2.6(1.1) Dodging
 - Level 1.5(0.0) Stealth
 - Level 3.6(2.0) Unarmed Combat


You had 4 spell levels left.
You didn't know any spells.

Dungeon Overview and Level Annotations

Branches:
Dungeon (4/15)
 Temple: D:4-7

Altars:
Sif Muna

Annotations:
D:3 wvc's ghost, amateur OgMo


Innate Abilities, Weirdness & Mutations

You are too large for most types of armour.
You have tough skin (AC +1).


Message History

The orc closely misses you.
You hit the orc wizard but do no damage.
The orc wizard is almost dead.
The orc wizard barely misses you. The orc hits you but does no damage.
You hit the orc wizard but do no damage.
The orc wizard is almost dead.
The orc wizard gestures at you while chanting.
The magic dart hits you!
* * * LOW HITPOINT WARNING * * *
The orc barely misses you.
You hit the orc wizard.
The orc wizard is almost dead.
The orc wizard hits you with a dagger.
* * * LOW HITPOINT WARNING * * *
The orc hits you but does no damage.
You barely miss the orc wizard.
The orc wizard is almost dead.
The orc wizard points at you and mumbles some strange words.
The puff of flame hits you!
You die...

.. .. #. .#
.. .#
#.##.#####
#.#......
#.....####.
#.†<.......
#.#..##.##. #
#@.......
#.oo.##.###
....#.... #
#....##...#..
..... ...##
.[. ##.# ##<.
## #. #. # #.


You could see an orc wizard (invisible) and an orc.

Vanquished Creatures
  6 adders
  2 oozes (D:2)
  3 dart slugs
  4 giant geckos
  2 giant cockroaches (D:2)
  8 hobgoblins
  2 ball pythons (D:4)
  4 bats
  2 giant newts (D:1)
  3 goblins
  13 kobolds
  3 rats
52 creatures vanquished.

Notes
Turn   | Place    | Note
--------------------------------------------------------------
     0 | D:1      | wvc the Ogre Monk began the quest for the Orb.
     0 | D:1      | Reached XP level 1. HP: 24/24 MP: 1/1
   204 | D:1      | Reached XP level 2. HP: 33/33 MP: 2/2
   270 | D:1      | Reached skill level 1 in Maces & Flails
   664 | D:2      | Reached skill level 2 in Maces & Flails
   708 | D:2      | Reached XP level 3. HP: 33/40 MP: 3/3
   820 | D:2      | Reached skill level 3 in Maces & Flails
  1075 | D:2      | Found a deep blue altar of Sif Muna.
  1143 | D:2      | Reached skill level 4 in Maces & Flails
  1143 | D:2      | Reached XP level 4. HP: 48/49 MP: 4/4
  1448 | D:2      | Reached skill level 5 in Maces & Flails
  1884 | D:3      | Reached XP level 5. HP: 55/55 MP: 5/5
  1969 | D:3      | Noticed wvc's ghost (amateur OgMo)
  2052 | D:4      | HP: 2/55 [orc wizard/magic dart (6)]
  2054 | D:4      | Killed from afar by an orc wizard

Vault maps used:
D:1:      minmay_arrival_shattered_statue, kennysheep_doodads
D:2:      led_sif_pool, guppyfry_early_lair_pool
D:3:      first_bread
D:4:      nicolae_overflow_hidden_temple, minmay_temple_entry_purple_smoke,
          uniq_natasha, uniq_blork_the_orc

Skill      XL: |  1  2  3  4 |
---------------+-------------+-----
Maces & Flails | 2 4 5 |  5.5
Fighting       | |  4.6
Dodging        | |  2.6
Stealth        | |  1.5
Unarmed Combat | |  3.6

Action                   |  1- 3 |  4- 6 || total
-------------------------+-------+-------++-------
Melee: Unarmed           |    41 |       ||    41
       Whip              |    59 |   153 ||   212
Throw: Stone             |     1 |       ||     1
 Stab: Sleeping          |     4 |     1 ||     5
  Eat: Meat ration       |     1 |       ||     1
       Pizza             |       |     1 ||     1
       Chunk             |       |     1 ||     1
